 Dungeon Crawl Stone Soup version 0.31-a0-115-g4708a659fe (webtiles) character file.

Game seed: 8307502209545719857

7063 Chodeload the Destroyer (level 10, -3/88 HPs)
             Began as a Deep Elf Wanderer on May 29, 2023.
             Was a Follower of Vehumet.
             Slain by a shadow (6 damage)
             ... on level 7 of the Dungeon.
             The game lasted 00:39:04 (9856 turns).

Chodeload the Destroyer (Deep Elf Wanderer)         Turns: 9856, Time: 00:39:05

Health: -3/88      AC:  9    Str: 10    XL:     10   Next: 83%
Magic:  26/26      EV: 14    Int: 22    God:    Vehumet [*.....]
Gold:   1689       SH:  5    Dex: 13    Spells: 22/29 levels left

rFire   . . .        c - +1 trident (venom)
rCold   . . .        (no shield)
rNeg    . . .        Q - +0 steam dragon scales
rPois   +            A - +0 helmet
rElec   .            x - +0 cloak
rCorr   .            F - +0 pair of gloves
SInv    .            J - +0 pair of boots
Will    +....        B - amulet of reflection Stlth
                     l - ring of poison resistance
HPRegen 0.34/turn    (no ring)
MPRegen 0.20/turn

%: reflection
@: berserking (expiring), very quick
A: no striking features
a: Renounce Religion


You were on level 7 of the Dungeon.
You worshipped Vehumet.
Vehumet was aware of your devotion.
You visited 2 branches of the dungeon, and saw 10 of its levels.

You collected 1689 gold pieces.

Inventory:

Hand Weapons
 a - a +2 spear of venom
 b - a +0 orcbow
 c - a +1 trident of venom (weapon)
Missiles
 o - 7 poisoned darts (quivered)
 D - 2 throwing nets
 N - 4 atropa-tipped darts
 P - a curare-tipped dart
Armour
 x - a +0 cloak (worn)
 A - a +0 helmet (worn)
 F - a +0 pair of gloves (worn)
 J - a +0 pair of boots (worn)
 Q - +0 steam dragon scales (worn)
Jewellery
 l - a ring of poison resistance (left hand)
 B - an amulet of reflection (around neck)
Wands
 f - a wand of digging (4)
 w - a wand of polymorph (16)
Scrolls
 g - 2 scrolls of immolation
 h - 2 scrolls of amnesia
 i - a scroll of silence {unknown}
 p - a scroll of torment {unknown}
 q - 2 scrolls of poison {unknown}
 s - 2 scrolls of fog
 v - 4 scrolls of vulnerability
 y - 3 scrolls of enchant weapon
 C - a scroll of butterflies {unknown}
 E - a scroll of noise {unknown}
 H - 2 scrolls of blinking {unknown}
 M - 2 scrolls of teleportation
Potions
 e - 6 potions of curing {unknown}
 j - a potion of degeneration {unknown}
 k - 3 potions of heal wounds
 m - 2 potions of cancellation {unknown}
 n - 3 potions of attraction
 t - a potion of lignification
 u - 3 potions of mutation
 z - a potion of brilliance
 G - a potion of might
 K - a potion of magic {unknown}
 L - 2 potions of enlightenment {unknown}
 O - a potion of ambrosia {unknown}


   Skills:
 - Level 5.0 Fighting
 - Level 1.0 Throwing
 - Level 2.4 Armour
 - Level 6.0 Dodging
 - Level 5.0 Stealth
 - Level 10.0 Spellcasting
 - Level 10.7 Conjurations
 - Level 6.0 Hexes
 + Level 6.4 Ice Magic
 - Level 1.1 Evocations


You had 22 spell levels left.
You knew the following spells:

 Your Spells              Type           Power      Damage    Failure   Level
a - Freeze                Ice            100%       1d10      1%          1
b - Hailstorm             Conj/Ice       48%        3d11      1%          3
c - Tukima's Dance        Hex            37%        N/A       1%          3

Your spell library contained the following spells:

 Spells                   Type           Power      Damage    Failure   Level
 Sandblast                Erth           22%        2d7       6%          1
 Portal Projectile        Hex/Tloc       48%        N/A       5%          3
 Blade Hands              Tmut           5%         N/A       86%         5


Dungeon Overview and Level Annotations

Branches:
Dungeon (9/15)             Temple (1/1) D:7
   Lair: D:8-11         Orc: D:9-12

Altars:
Ashenzari
Cheibriados
Dithmenos
Elyvilon
Fedhas
Gozag
Hepliaklqana
Kikubaaqudgha
Makhleb
Nemelex Xobeh
Okawaru
Qazlal
Ru
Sif Muna
Trog
Uskayaw
Vehumet
Wu Jian
Xom
Yredelemnul
Zin
The Shining One

Shops:
D:1 (   D:7 (

Annotations:
D:5 exclusion: 2 downstairs
D:6 exclusion: downstairs
D:7 exclusion: downstairs


Message History

The yak closely misses you. The shadow hits you.
You puncture the yak!
The yak looks as sick as possible!
The yak is severely wounded.
The yak closely misses you.
The shadow slips into darkness.
The shadow flickers and vanishes!
Deactivating autopickup; reactivate with Ctrl-A.
You puncture the yak!
The yak looks as sick as possible!
The yak is almost dead.
The yak gores you.
You hit the yak.
The yak looks as sick as possible!
The yak is almost dead.
You kill the yak!
Vehumet accepts your kill.
The shadow strikes at you from the darkness!
* * * LOW HITPOINT WARNING * * *
Reactivating autopickup.
You see here a +0 robe.
You hit the shadow.
The shadow is moderately damaged.
The shadow slips into darkness.
The shadow flickers and vanishes!
Deactivating autopickup; reactivate with Ctrl-A.
You closely miss something.
The shadow strikes at you from the darkness!
* * * LOW HITPOINT WARNING * * *
Reactivating autopickup.
You completely miss the shadow.
The shadow is moderately damaged.
The shadow misses you.
You barely miss the shadow.
The shadow is lightly damaged.
The shadow hits you.
* * * LOW HITPOINT WARNING * * *
You barely miss the shadow.
The shadow is lightly damaged.
You closely miss the shadow.
The shadow is lightly damaged.
The shadow hits you.
You die...

#...#.###### #.#
...##.# ######.#
#..##.# #......#
#..##.####.######
#.<#...........#
#..#>.####[###.##
#.......##.##..[##
#....#...#...###W##
#.........[).# #@[#
##...#...###.###..#
#....##.#......∩#.#
#.......#.......#.#
###..####.......#.###
#.............#.#.##
###.#####.......#..#.##
#...# #.......#.###.##
##### #...........##.#


You could see a shadow.

Vanquished Creatures
  A troll (D:8)
  Grinder (D:3)
  A shadow (D:9)
  Sigmund (D:5)
  2 yaks (D:7)
  4 wyverns
  Eustachio (D:5)
  A steam dragon (D:8)
  Menkaure (D:5)
  4 water moccasins
  3 black bears
  2 sky beasts
  An ogre (D:5)
  3 orc warriors
  A tengu (D:8)
  A centaur (D:8)
  3 kobold brigands
  A phantom (D:5)
  5 bullfrogs
  A gnoll sergeant (D:6)
  7 scorpions
  A water moccasin zombie (D:5)
  9 wights
  A killer bee (D:9)
  2 howler monkeys
  3 bullfrog zombies (D:5)
  2 bullfrog skeletons (D:5)
  5 hounds
  4 jellies
  3 orc priests (D:7)
  A sleepcap (D:7)
  7 iguanas
  9 orc wizards
  A hound zombie (D:5)
  A howler monkey zombie (D:5)
  9 gnolls
  6 adders
  2 shadow imps
  2 white imps
  2 ufetubi
  A worm (D:2)
  2 dart slugs
  39 orcs
  7 endoplasms
  4 giant cockroaches
  5 hobgoblins
  6 jackals
  4 quokkas
  5 ball pythons
  7 bats
  3 frilled lizards
  11 goblins
  12 kobolds
  5 rats
226 creatures vanquished.

Vanquished Creatures (collateral kills)
  A two-headed ogre (D:7)
  A wight (D:8)
2 creatures vanquished.

Vanquished Creatures (others)
  2 dancing weapons (D:8)
2 creatures vanquished.

Grand Total: 230 creatures vanquished

Notes
Turn   | Place    | Note
-------+----------+-------------------------------------------
     0 | D:1      | Chodeload the Deep Elf Wanderer began the quest for the
                  | Orb.
     0 | D:1      | Chodeload set off with the following items: a +0 dagger, a
                  | potion of lignification, a scroll of teleportation, a +0
                  | chain mail; and the following spell memorised: Freeze; and
                  | the following spells available to memorise: Hailstorm.
     0 | D:1      | Reached XP level 1. HP: 12/12 MP: 5/5
   326 | D:1      | Reached XP level 2. HP: 15/16 MP: 2/7
   783 | D:1      | Found Tued's Weapon Boutique.
   887 | D:1      | Reached XP level 3. HP: 20/20 MP: 7/9
  1580 | D:2      | Learned a level 3 spell: Hailstorm
  1872 | D:2      | Reached XP level 4. HP: 25/25 MP: 11/11
  2345 | D:3      | Reached skill level 1 in Conjurations
  2484 | D:3      | Noticed Grinder
  2911 | D:3      | Killed Grinder
  2912 | D:3      | Reached skill level 5 in Ice Magic
  2912 | D:3      | Reached XP level 5. HP: 22/29 MP: 13/13
  2912 | D:3      | Reached XP level 6. HP: 26/34 MP: 14/14
  3040 | D:4      | Found a white marble altar of Elyvilon.
  3072 | D:4      | Reached skill level 5 in Conjurations
  3072 | D:4      | Reached skill level 1 in Evocations
  3150 | D:4      | Reached XP level 7. HP: 38/38 MP: 15/15
  3193 | D:4      | Reached skill level 5 in Spellcasting
  3268 | D:4      | Found a bloodstained altar of Trog.
  3268 | D:4      | Found a burning altar of Makhleb.
  3293 | D:4      | Found a faded altar of an unknown god.
  3303 | D:4      | Found a hazy altar of Hepliaklqana.
  3304 | D:4      | Found a shimmering altar of Xom.
  3454 | D:5      | Entered Level 5 of the Dungeon
  3752 | D:5      | Noticed Menkaure
  3754 | D:5      | Killed Menkaure
  3755 | D:5      | Reached XP level 8. HP: 44/44 MP: 22/22
  3756 | D:5      | Noticed Eustachio
  3784 | D:5      | Killed Eustachio
  4283 | D:5      | Noticed Sigmund
  4290 | D:5      | Killed Sigmund
  4291 | D:5      | Reached skill level 5 in Fighting
  4403 | D:5      | Reached skill level 1 in Stealth
  4861 | D:5      | Reached skill level 5 in Stealth
  4980 | D:5      | Reached XP level 9. HP: 40/54 MP: 18/23
  5604 | D:6      | Identified 2 scrolls of acquirement
  5621 | D:6      | Acquired 1032 gold pieces
  5623 | D:6      | Acquired an amulet of reflection
  6283 | D:7      | Found Utroxiu's Weapon Shoppe.
  6406 | D:7      | Reached skill level 10 in Conjurations
  6635 | D:7      | Identified the +0 ring mail "Nimnuoxe" {Rampage rC+ Will++
                  | Int-5}
  6848 | D:7      | Noticed a kobold demonologist
  6862 | D:7      | Noticed a sun demon
  6934 | D:7      | Noticed a red devil
  6934 | D:7      | Noticed an orange demon
  6937 | D:7      | Found a staircase to the Ecumenical Temple.
  6941 | Temple   | Entered the Ecumenical Temple
  7070 | Temple   | Became a worshipper of Vehumet
  7201 | D:6      | Noticed a rust devil
  7206 | D:6      | Noticed a red devil
  7396 | D:7      | Reached XP level 10. HP: 42/59 MP: 19/25
  7458 | D:7      | Identified the +7 flail "Argh" {chaos, Will- Str+7}
  7475 | D:7      | Noticed a two-headed ogre
  7642 | D:7      | Learned a level 3 spell: Tukima's Dance
  7930 | D:9      | Reached skill level 1 in Hexes
  8123 | D:8      | Reached * piety under Vehumet
  8123 | D:8      | Offered knowledge of Sandblast by Vehumet.
  8716 | D:8      | Reached skill level 5 in Hexes
  9305 | D:7      | Killed a two-headed ogre
  9306 | D:7      | Reached skill level 10 in Spellcasting
  9541 | D:8      | Reached skill level 5 in Dodging
  9854 | D:7      | HP: 2/88 [shadow (3)]
  9856 | D:7      | Slain by a shadow

Illustrated notes

Levels and vault maps discovered:
D:1:      sevenhm_arrival_forest_fort_small_3, layout_loops_ring, serial_shops,
          shop
D:2:      layout_basic, minmay_3d_cube
D:3:      layout_basic, item_on_display_a, uniq_grinder
D:4:      layout_rooms, elyvilon_altar_5, chequers_temple_overflow_minitemple
D:5:      layout_cave_pods, serial_undead, serial_undead_c, serial_undead_e,
          serial_undead_d, serial_undead_c, serial_undead_b, serial_undead_f,
          uniq_eustachio, uniq_menkaure, uniq_sigmund
D:6:      hangedman_cross_stitches, layout_rooms
D:7:      layout_loops_ring, minmay_temple_entry_fiery, serial_shops, shop,
          grunt_potential
D:8:      layout_gridville
D:9:      layout_cave_pools, minmay_lair_entry_grove, grunt_ogre_cave,
          hangedman_misty_isle
Temple:   minmay_crystal_spiral_temple

Skill      XL: |  1  2  3  4  5  6  7  8  9 10 |
---------------+-------------------------------+-----
Spellcasting   | 2 3 4 8 9 10 | 10.0
Ice Magic      | 3 5 6 |  6.4
Conjurations   | 4 5 10 | 10.7
Evocations     | 1 |  1.1
Fighting       | 2 5 |  5.0
Stealth        | 5 |  5.0
Hexes          | 6 |  6.0
Dodging        | 6 |  6.0
Throwing       | |  1.0
Armour         | |  2.4

Action                     |  1- 3 |  4- 6 |  7- 9 | 10-12 || total
---------------------------+-------+-------+-------+-------++-------
  Melee: Dagger            |    18 |       |       |       ||    18
         Spear             |       |       |    39 |    53 ||    92
         Trident           |       |       |       |    46 ||    46
         Flail             |       |       |       |     2 ||     2
         Punch             |       |       |       |     1 ||     1
   Fire: Orcbow            |    11 |    63 |   226 |       ||   300
  Throw: Dart              |       |       |     5 |    10 ||    15
   Cast: Freeze            |    65 |    24 |   153 |    56 ||   298
         Hailstorm         |       |       |    35 |    22 ||    57
         Tukima's Dance    |       |       |       |    11 ||    11
  Evoke: Wand              |       |     8 |    10 |     5 ||    23
    Use: Scroll            |       |     8 |     7 |     1 ||    16
         Potion            |       |       |       |     3 ||     3
   Stab: Distracted        |       |       |       |     2 ||     2
         Sleeping          |       |       |       |     2 ||     2
 Armour: Ring mail         |    32 |       |       |       ||    32
         Robe              |     1 |     9 |    54 |       ||    64
         Leather armour    |       |       |    80 |    22 ||   102
         Steam dragon scal |       |       |       |    30 ||    30
  Dodge: Dodged            |    39 |    23 |   200 |   102 ||   364
  Block: Other             |       |       |    16 |    35 ||    51

Table legend: (Time is in decaauts)
 A = Elapsed time spent in this place.
 B = Non-inter-level travel time spent in this place.
 C = Inter-level travel time spent in this place.
 D = Time resting spent in this place.
 E = Time spent auto-exploring this place.
 F = Levels seen in this place.
 G = Mean time per level.
                   A        B        C        D        E       F      G
               +--------+--------+--------+--------+--------+-----+--------+
         Total |  10048 |   9066 |    982 |   1657 |   4027 |  10 | 1004.8 |
       Dungeon |   9831 |   8935 |    896 |   1657 |   3921 |   9 | 1092.3 |
        Temple |    216 |    130 |     86 |      0 |    106 |   1 |  216.0 |
               +--------+--------+--------+--------+--------+-----+--------+

Top non-repeatable levels by time:
     D:7: 1721 daAuts
     D:8: 1619 daAuts
     D:5: 1604 daAuts
     D:1: 1236 daAuts
     D:6: 1037 daAuts
     D:2: 1006 daAuts
     D:3: 727 daAuts
     D:4: 658 daAuts
     D:9: 219 daAuts
  Temple: 216 daAuts
